 Dungeon Crawl Stone Soup version 0.23.2-40-g277498a001 (webtiles) character file.

Game seed: 2868782277651701506

11291 Emblim88 the Fighter (level 11, -1/92 HPs)
             Began as a Demonspawn Berserker on Aug 17, 2019.
             Was an Elder of Trog.
             Slain by an orc warrior
             ... wielding a +0 great sword
              (7 damage)
             ... on level 10 of the Dungeon.
             The game lasted 00:38:19 (14041 turns).

Emblim88 the Fighter (Demonspawn Berserker)        Turns: 14041, Time: 00:38:20

Health: -1/92      AC: 15    Str: 18    XL:     11   Next: 47%
Magic:  0/11       EV:  5    Int: 11    God:    Trog [****..]
Gold:   570        SH:  0    Dex: 13    Spells: 10/10 levels left

rFire    . . .     SeeInvis .   e - +2 battleaxe (freeze)
rCold    . . .     Gourm    .   (shield currently unavailable)
rNeg     . . .     Faith    .   J - +0 plate armour
rPois    +         Spirit   +   p - +2 hat
rElec    .         Reflect  .   (no cloak)
rCorr    .         Harm     .   (no gloves)
MR       +....                  l - +0 pair of boots
Stlth    ..........             (no amulet)
HPRegen  0.25/turn              d - ring of protection from magic
MPRegen  0.12/turn              (no ring)

@: extremely drained
A: hooves 1, horns 2, molten scales 1, blink, demonic guardian 1, poison
resistance, magic shield
a: Blink, Berserk, Trog's Hand, Brothers in Arms, Renounce Religion


You were on level 10 of the Dungeon.
You worshipped Trog.
Trog was greatly pleased with you.
You were not hungry.

You visited 1 branch of the dungeon, and saw 11 of its levels.
You also visited: Ossuary.

You collected 570 gold pieces.

Inventory:

Hand Weapons
 e - a +2 battleaxe of freezing (weapon)
 n - a +1 shortbow of freezing
 s - a +0 hand axe of flaming
Missiles
 g - 2 throwing nets (quivered)
 h - 7 curare-tipped needles
 o - 112 arrows
Armour
 l - a +0 pair of boots (worn)
 p - a +2 hat (worn)
 H - the cursed +0 robe of Mysticism {*Corrode MR+++ SInv Stlth+, unknown}
   (You found it on level 9 of the Dungeon)

   It affects your resistance to hostile enchantments.
   It lets you see invisible.
   It may corrode you when you take damage.
   It makes you more stealthy.
   It has a curse placed upon it.
 J - a +0 plate armour (worn)
Jewellery
 d - a ring of protection from magic (left hand)
Wands
 a - a wand of paralysis (2)
 k - a wand of flame (13)
 u - a wand of disintegration (12)
 D - a wand of enslavement (7)
 F - a wand of polymorph (10)
Scrolls
 f - 2 scrolls of enchant armour
 i - a scroll of fog
 j - 10 scrolls of remove curse
 q - 2 scrolls of blinking
 r - a scroll of fear {unknown}
 x - 2 scrolls of immolation
 A - 2 scrolls of amnesia {unknown}
 B - 2 scrolls of teleportation {unknown}
 E - 3 scrolls of magic mapping
Potions
 b - 3 potions of mutation
 v - a potion of ambrosia
 w - a potion of degeneration
 C - a potion of flight
Comestibles
 c - 6 rations


   Skills:
 * Level 10.9(0.0) Fighting
 * Level 10.3(0.0) Axes
 + Level 7.0(0.0) Armour
 + Level 7.1(0.0) Dodging


You had 10 spell levels left.
You didn't know any spells.
Your spell library was empty.

Dungeon Overview and Level Annotations

Branches:
Dungeon (11/15)            Temple (0/1) D:5            Lair (0/6) D:10
    Orc: D:9-12

Altars:
Ashenzari
Dithmenos
Elyvilon
Fedhas
Kikubaaqudgha
Okawaru
Qazlal
Ru
Sif Muna
Trog
Uskayaw
Wu Jian
Yredelemnul
Zin

Shops:
D:9 *


Innate Abilities, Weirdness & Mutations

You have a pair of horns on your head.
You are partially covered in molten scales. (AC +2)
A weak demonic guardian rushes to your aid.
When hurt, damage is shared between your health and your magic reserves.
You have large cloven feet.
You can translocate small distances at will.
Your system is resistant to poisons. (rPois)


Message History

The orc warrior hits you with a +0 great sword!
You closely miss the orc warrior. Your headbutt misses the orc warrior.
The orc warrior is severely wounded.
The orc warrior hits you with a +0 great sword!
You closely miss the orc warrior.
The orc warrior is severely wounded.
The orc warrior barely misses you.
The orc warrior hits you with a +0 great sword!!
* * * LOW HITPOINT WARNING * * *
You closely miss the orc warrior.
The orc warrior is severely wounded.
The orc warrior hits you with a +0 great sword.
* * * LOW HITPOINT WARNING * * *
Your plate armour prevents you from hitting the orc warrior.
The orc warrior is severely wounded.
The orc warrior hits you with a +0 great sword!
* * * LOW HITPOINT WARNING * * *
There is a stone staircase leading up here.
The orc warrior hits you with a +0 great sword!
You die...

#.......(..).?###..........
#...(...<()(..# #..........
#.........)...# #..........
#.......(.....###.....o....
###############...######...
##...### ##....# #..###
###....## ####.###
#......## #.@o)..#
#........ #......#
#........
#####......####.#..##..
#......[..[#....#..##..
#............####.#.:..
#..........#...........
#......................
#.....<...............#
#..........#..........#


You could see an orc warrior.

Vanquished Creatures
  Sonja (D:10)
  Pikel (D:8)
  An ugly thing (D:7)
  Joseph (D:9)
  A gargoyle (D:7)
  3 trolls
  2 hippogriffs
  A wraith (D:10)
  2 wyverns (D:9)
  Eustachio (D:4)
  14 yaks
  A warg (D:11)
  A water moccasin (D:7)
  An acid dragon (D:9)
  6 orc warriors
  An ice beast (D:7)
  A sky beast (D:9)
  A necrophage (D:10)
  3 ogres
  4 centaurs
  5 phantoms
  A crocodile (D:10)
  The ghost of kalagan the Caller, an amateur DESu (D:4)
  6 bullfrogs
  Blork the orc (D:4)
  A wyvern zombie (D:10)
  A scorpion (D:8)
  13 killer bees
  9 wights
  5 howler monkeys
  4 centaur zombies (Ossuary)
  6 crimson imps
  A quasit (D:8)
  3 hounds
  3 orc priests
  2 bullfrog skeletons
  5 orc wizards
  2 centaur skeletons
  Ijyb (D:4)
  3 iguanas
  11 worker ants
  2 big kobold zombies (Ossuary)
  2 hound zombies (D:4)
  6 mummies (Ossuary)
  3 gnolls (D:8)
  14 adders
  A shadow imp (D:7)
  2 oozes
  An adder zombie (D:9)
  4 adder skeletons
  4 dart slugs
  7 leopard geckos
  29 orcs
  3 ball pythons
  6 giant cockroaches
  2 gnoll zombies (D:8)
  9 goblins
  3 hobgoblins
  15 jackals
  3 kobolds
  6 quokkas
  6 bats
  8 frilled lizards
  3 hobgoblin zombies (Ossuary)
  A jackal skeleton (D:4)
  2 quokka skeletons
  5 rats
278 creatures vanquished.

Vanquished Creatures (collateral kills)
  A merfolk (D:10)
  A wraith (D:11)
  3 yaks (D:9)
  An ogre (D:9)
  A howler monkey (D:10)
  An iguana (D:10)
  An orc wizard (D:10)
  A worker ant (D:9)
  2 worker ant zombies (D:9)
  An adder (D:9)
  2 orcs
15 creatures vanquished.

Vanquished Creatures (others)
  An adder (D:4)
  2 orcs (D:8)
3 creatures vanquished.

Grand Total: 296 creatures vanquished

Notes
Turn   | Place    | Note
-------+----------+-------------------------------------------
     0 | D:1      | Emblim88 the Demonspawn Berserker began the quest for the
                  | Orb.
     0 | D:1      | Reached XP level 1. HP: 18/18 MP: 1/1
   128 | D:1      | Gained mutation: You have a pair of small horns on your
                  | head. [demonic ancestry]
   128 | D:1      | Reached XP level 2. HP: 24/24 MP: 2/2
   624 | D:1      | Reached XP level 3. HP: 29/29 MP: 3/3
   977 | D:2      | Reached ** piety under Trog
   995 | D:2      | Found a white marble altar of Elyvilon.
   996 | D:2      | Found a blossoming altar of Fedhas.
  1166 | D:2      | Gained mutation: When hurt, damage is shared between your
                  | health and your magic reserves. [demonic ancestry]
  1166 | D:2      | Reached XP level 4. HP: 22/37 MP: 4/4
  2034 | D:3      | Found an ancient bone altar of Kikubaaqudgha.
  2133 | D:3      | Found a deep blue altar of Sif Muna.
  2179 | D:3      | Found a hide-covered altar of Uskayaw.
  2179 | D:3      | Noticed a +0 hand axe
  2179 | D:3      | Noticed a +0 dagger
  2868 | D:4      | Noticed Blork the orc
  2941 | D:4      | Reached XP level 5. HP: 39/42 MP: 5/5
  2952 | D:4      | Killed Blork the orc
  3048 | D:4      | Found a runed translucent gate.
  3345 | D:4      | Found a runed translucent gate.
  3346 | D:4      | Found a runed translucent gate.
  3351 | D:4      | Noticed kalagan's ghost (amateur DESu)
  3488 | D:4      | Reached XP level 6. HP: 40/49 MP: 4/6
  3544 | D:4      | Noticed Ijyb
  3554 | D:4      | Killed Ijyb
  3603 | D:4      | Noticed Eustachio
  3624 | D:4      | Killed Eustachio
  3624 | D:4      | Reached skill level 5 in Fighting
  3624 | D:4      | Reached skill level 5 in Axes
  3624 | D:4      | Gained mutation: You have a pair of horns on your head.
                  | [demonic ancestry]
  3624 | D:4      | Reached XP level 7. HP: 56/56 MP: 4/7
  3750 | D:4      | Found a stormy altar of Qazlal.
  3751 | D:4      | Noticed a water elemental
  3757 | D:4      | Noticed an air elemental
  3757 | D:4      | Noticed a fire elemental
  4105 | D:4      | Killed kalagan's ghost
  4161 | D:4      | Gained mutation: Your magical capacity is low. (-10% MP)
                  | [potion of mutation]
  4161 | D:4      | Lost mutation: Your magical capacity is low. (-10% MP)
                  | [potion of mutation]
  4161 | D:4      | Gained mutation: Your system is resistant to poisons.
                  | (rPois) [potion of mutation]
  4161 | D:4      | Gained mutation: You evolve. [potion of mutation]
  4164 | D:5      | Entered Level 5 of the Dungeon
  4202 | D:5      | Reached *** piety under Trog
  4284 | D:5      | Found a staircase to the Ecumenical Temple.
  4471 | D:5      | Reached XP level 8. HP: 64/64 MP: 8/8
  4509 | D:5      | Found an ornate altar of the Wu Jian Council.
  5002 | D:6      | Found a sand-covered staircase.
  5009 | Ossuary  | Entered an ossuary
  5254 | Ossuary  | Gained mutation: You have large cloven feet. [evolution]
  5907 | D:7      | Noticed a red ugly thing
  6447 | D:7      | Found a bloodstained altar of Trog.
  6555 | D:7      | Reached XP level 9. HP: 68/72 MP: 9/9
  6781 | D:7      | Killed a red ugly thing
  6781 | D:7      | Reached skill level 5 in Dodging
  6851 | D:7      | Reached skill level 5 in Armour
  7192 | D:7      | Found a shadowy altar of Dithmenos.
  7380 | D:8      | Noticed a gargoyle
  7517 | D:7      | Killed a gargoyle
  7610 | D:8      | Reached **** piety under Trog
  7638 | D:8      | Found a basalt altar of Yredelemnul.
  7726 | D:8      | Noticed a troll
  7743 | D:8      | Killed a troll
  7761 | D:8      | Gained mutation: A weak demonic guardian rushes to your
                  | aid. [demonic ancestry]
  7761 | D:8      | Reached XP level 10. HP: 49/82 MP: 6/10
  8082 | D:8      | Gained mutation: You can translocate small distances at
                  | will. [evolution]
  8082 | D:8      | Lost mutation: You evolve. [end of evolution]
  8168 | D:8      | Noticed Pikel
  8188 | D:8      | Killed Pikel
  8257 | D:8      | Found an iron altar of Okawaru.
  8494 | D:8      | Found a sacrificial altar of Ru.
  8806 | D:9      | Noticed Joseph
  9159 | D:9      | Reached ***** piety under Trog
  9392 | D:9      | Found Zin's Purification Station.
  9392 | D:9      | Found a glowing silver altar of Zin.
  9393 | D:9      | Got a bloodstained robe
  9422 | D:9      | Reached skill level 10 in Fighting
  9429 | D:9      | Killed Joseph
  9669 | D:9      | Found a shattered altar of Ashenzari.
  9733 | D:9      | Gained mutation: You are partially covered in molten
                  | scales. (AC +2) [demonic ancestry]
  9733 | D:9      | Reached XP level 11. HP: 38/90 MP: 5/11
 10107 | D:10     | Entered Level 10 of the Dungeon
 10744 | D:10     | Reached skill level 10 in Axes
 10975 | D:9      | Received a gift from Trog
 11348 | D:10     | Noticed Sonja
 11863 | D:10     | Killed Sonja
 12521 | D:10     | Found a staircase to the Lair.
 13247 | D:11     | HP: 1/92 [orc warrior/cursed +0 hand axe (8)]
 14041 | D:10     | Slain by an orc warrior

Skill      XL: |  1  2  3  4  5  6  7  8  9 10 11 |
---------------+----------------------------------+-----
Axes           | 3 4 5 6 8 9 10 | 10.3
Dodging        | 2 3 4 5 6 7 |  7.1
Armour         | 2 3 4 5 6 7 |  7.0
Fighting       | 4 5 7 8 10 | 10.9

Action                   |  1- 3 |  4- 6 |  7- 9 | 10-12 || total
-------------------------+-------+-------+-------+-------++-------
Melee: Hand axe          |   108 |    82 |   429 |    76 ||   695
       Headbutt          |    16 |    25 |    69 |    86 ||   196
       War axe           |       |    80 |       |       ||    80
       Battleaxe         |       |       |       |   372 ||   372
 Fire: Shortbow          |       |       |       |    33 ||    33
Invok: Trog's Hand       |     1 |       |     8 |     6 ||    15
       Berserk           |       |     3 |     4 |     3 ||    10
  Use: Scroll            |       |     5 |     4 |     8 ||    17
       Potion            |       |     1 |     9 |     6 ||    16
 Stab: Distracted        |       |       |       |     2 ||     2
  Eat: Chunk             |     1 |     6 |       |     1 ||     8
       Ration            |       |     2 |     6 |     7 ||    15
Armor: Animal skin       |     7 |       |       |       ||     7
       Ring mail         |     5 |       |       |       ||     5
       Chain mail        |    47 |    99 |   334 |   127 ||   607
       Plate armour      |       |       |       |   373 ||   373
Dodge: Dodged            |    64 |    81 |   259 |   279 ||   683
